 Dungeon Crawl Stone Soup version 0.22-a0-358-g7563fe7 (webtiles) character file.

56 Amnesiac the Grave Robber (level 3, -9/26 HPs)
             Began as a Mummy Necromancer on Apr 18, 2018.
             Shot with an arrow by a centaur (14 damage)
             ... on level 2 of the Dungeon.
             The game lasted 00:01:17 (1299 turns).

Amnesiac the Grave Robber (Mummy Necromancer)       Turns: 1299, Time: 00:01:18

Health: -9/26      AC:  2    Str: 11    XL:     3   Next: 71%
Magic:  7/7        EV: 13    Int: 15    God:
Gold:   79         SH:  0    Dex: 12    Spells: 4/8 levels left

rFire    x . .     SeeInvis .   (no weapon)
rCold    + . .     Gourm    .   (no shield)
rNeg     + + +     Faith    .   a - +0 robe
rPois    ∞         Spirit   .   (no helmet)
rElec    .         Reflect  .   (no cloak)
rCorr    .         Harm     .   (no gloves)
MR       .....                  (no boots)
Stlth    ++........             (no amulet)
HPRegen  0.08/turn              (no ring)
MPRegen  0.10/turn              (no ring)

@: no status effects
A: no food or potions, fire vulnerability, cold resistance 1, negative energy
resistance 3, torment resistance, unbreathing
a: no special abilities


You were on level 2 of the Dungeon.
You were not hungry.

You visited 1 branch of the dungeon, and saw 3 of its levels.

You collected 79 gold pieces.

Inventory:

Armour
 a - a +0 robe (worn)
Scrolls
 b - a scroll of enchant weapon {!r, unknown}
 c - a scroll of immolation {!r, unknown}
 d - a scroll of identify {!r, unknown}
 e - 3 scrolls of magic mapping {!r, unknown}


   Skills:
 + Level 1.4 Fighting
 * Level 2.6 Dodging
 - Level 1.5 Stealth
 + Level 3.4 Spellcasting
 - Level 4.0 Necromancy


You had 4 spell levels left.
You knew the following spells:

 Your Spells              Type           Power        Failure   Level  Hunger
a - Pain                  Necr           ##..         3%          1    N/A
d - Vampiric Draining     Necr           ##........   11%         3    N/A

Dungeon Overview and Level Annotations

Branches:
Dungeon (3/15)

Altars:


Innate Abilities, Weirdness & Mutations

You do not eat or drink.
Your flesh is vulnerable to fire.
You are immune to poison.
Your flesh is cold resistant. (rC+)
You are immune to negative energy. (rN+++)
You are immune to unholy pain and torment.
You can survive without breathing.


Message History

There is a large open door here.
There is a large open door here.
There is a large open door here.
You see here a robe.
Found a stone staircase leading down.
Found 23 arrows.
A giant cockroach comes into view.
A giant cockroach is nearby!
There is a stone staircase leading down here.
Casting: Pain (safe; 3% risk of failure)
Confirm with . or Enter, or press ? or * to list all spells.
Aiming: Pain (safe; 3% risk of failure)
Press: ? - help, Shift-Dir - straight line, f - giant cockroach
Aim: a giant cockroach (clinging, resting, chance to defeat MR: 85%)
The giant cockroach writhes in agony!
Casting: Pain (safe; 3% risk of failure)
Confirm with . or Enter, or press ? or * to list all spells.
Aiming: Pain (safe; 3% risk of failure)
Press: ? - help, Shift-Dir - straight line, f/p - giant cockroach
Aim: a giant cockroach (heavily wounded, chance to defeat MR: 85%)
The giant cockroach writhes in agony!
Casting: Pain (safe; 3% risk of failure)
Confirm with . or Enter, or press ? or * to list all spells.
Aiming: Pain (safe; 3% risk of failure)
Press: ? - help, Shift-Dir - straight line, f/p - giant cockroach
Aim: a giant cockroach (almost dead, chance to defeat MR: 85%)
The giant cockroach writhes in agony!
You kill the giant cockroach!
Casting: Pain (safe; 3% risk of failure)
Confirm with . or Enter, or press ? or * to list all spells.
You can't see any susceptible monsters within range! (Use Z to cast anyway.)
There is a stone staircase leading down here.
A centaur comes into view.
The centaur shouts!
The centaur wields a shortbow.
The centaur shoots an arrow.
The arrow hits you.
A centaur is nearby!
A centaur is nearby!
A centaur is nearby!
The centaur shoots an arrow.
The arrow closely misses you.
You see here an arrow.
The centaur shoots an arrow.
The arrow barely misses you.
You see here an arrow.
The centaur shoots an arrow.
The arrow hits you but does no damage.
There is a stone staircase leading down here.
You see here an arrow.
The centaur shoots an arrow.
The arrow hits you!
You climb downwards.
Found 22 gold pieces.
Found a stone staircase leading down.
There is a stone staircase leading up here.
You start resting.
Magic restored.
You start resting.
HP restored.
You start resting.
HP restored.
You climb upwards.
The centaur shoots an arrow.
The arrow hits you!
The centaur shoots an arrow.
The arrow hits you!
Ouch! That really hurt!
* * * LOW HITPOINT WARNING * * *
There is a stone staircase leading down here.
You see here 3 arrows.
The centaur shoots an arrow.
The arrow hits you!
Ouch! That really hurt!
You die...

#.........................
#.#####c#.###.............
#.#.# #............. #...#
#............. ##..#
#............. #..#
#............. #..#
#.............
##(###.............
.#######@...............!
........####.............
...(....# #(..........[.
........# ##############
........# .########


You could see a centaur.

Vanquished Creatures
  4 adders (D:2)
  A dart slug (D:1)
  A bat (D:1)
  3 giant cockroaches
  5 hobgoblins (D:1)
  A frilled lizard (D:1)
  3 goblins
  A kobold (D:1)
  A rat (D:1)
20 creatures vanquished.

Notes
Turn   | Place    | Note
-------+----------+-------------------------------------------
     0 | D:1      | Amnesiac the Mummy Necromancer began the quest for the Orb.
     0 | D:1      | Reached XP level 1. HP: 13/13 MP: 4/4
   390 | D:1      | Reached XP level 2. HP: 20/20 MP: 0/5
   974 | D:2      | Reached skill level 1 in Fighting
  1030 | D:2      | Reached XP level 3. HP: 24/26 MP: 4/7
  1035 | D:2      | Learned a level 3 spell: Vampiric Draining
  1171 | D:2      | Noticed a centaur
  1299 | D:2      | Shot with an arrow by a centaur

Vault maps used:
D:1:      mushboom_english_gardens, minmay_tromino_i2
D:3:      uniq_terence

Skill      XL: |  1  2 |
---------------+-------+-----
Dodging        | 2 |  2.6
Spellcasting   | 3 |  3.4
Fighting       | 1 |  1.4
Stealth        | |  1.5
Necromancy     | |  4.0

Action                   || total
-------------------------++-------
Melee: Unarmed           ||    20
 Cast: Pain              ||    52
Armor: Robe              ||     2
Dodge: Dodged            ||    29

Table legend:
 A = Spawn XP
 B = Non-spawn XP
 C = Spawn XP percentage of total XP
 D = Spawn monster count
 E = Non-spawn monster count
 F = Spawn count percentage of total count
 G = Total turns spent on level
                    A         B        C        D         E        F      G
               +---------+---------+-------+---------+---------+-------+---------
         Total |       0 |      81 |   0.0 |       0 |      20 |   0.0 |  1299
               +---------+---------+-------+---------+---------+-------+---------
           D:1 |       0 |      26 |   0.0 |       0 |      14 |   0.0 |   947
           D:2 |       0 |      55 |   0.0 |       0 |       6 |   0.0 |   235
               +---------+---------+-------+---------+---------+-------+---------
